Map: Lerilak Crest

Players

Cort

  • Race: Zerg Zerg
  • League: Silver

MorN - Winner!

  • Race: Terran Terran
  • League: Gold

VOD

Have the link to the VOD?

Description

Time

  • Played on: Nov. 9, 2015, 8:07 p.m.
  • Length: 7:53
Show
View Real Time Build Order
Export as new Build Order

Cort Zerg 

Build Orders: Hatch First 

Get SALT Encoding   

  12  0:01  Drone  
  13  0:12  Overlord  
  13  0:17  Drone  
  14  0:22  Extractor  
  14  0:23  Drone  
  14  0:30  Drone, Extractor  
  14  0:34  Drone  
  17  0:57  Hatchery  
  17  1:00  Drone  
  17  1:01  Drone  
  18  1:16  Spawning Pool  
  17  1:19  Drone  
  17  1:20  Drone  
  17  1:25  Extractor  
  18  1:28  Drone  
  19  1:47  Hatchery  
  18  1:53  Drone x2  
  20  2:02  Drone  
  20  2:08  Queen  
  23  2:17  Queen  
  23  2:21  Zergling x2  
  26  2:25  Zergling x2  
  26  2:28  Zergling x2  
  28  2:35  Metabolic Boost  
  28  2:44  Overlord  
  28  2:58  Queen x2  
  30  3:01  Drone x2  
  30  3:04  Drone  
  35  3:12  Drone x3  
  38  3:13  Drone  
  39  3:29  Drone x2  
  39  3:30  Drone  
  39  3:32  Overlord  
  41  3:46  Overlord  
  41  3:52  Drone x8  
  49  3:56  Overlord x2  
  49  4:09  Drone x7  
  56  4:28  Drone x4  
  56  4:29  Drone x7  
  67  4:34  Drone x3  
  67  4:37  Lair  
  70  4:40  Extractor x2  
  68  4:47  Roach Warren  
  68  4:50  Evolution Chamber  
  66  4:53  Drone x7  
  66  4:57  Overlord x2  
  73  5:21  Extractor x2  
  71  5:28  Hatchery  
  71  5:29  Drone x9  
  71  5:35  Glial Reconstitution  
  79  5:44  Overlord x4, Extractor  
  78  6:12  Roach x6  
  78  6:13  Roach x8  
  78  6:15  Overlord x4  
  106  6:28  Overlord x3  
  106  6:36  Roach x3  
  99  6:48  Roach x3  
  87  6:55  Roach x2  
  87  6:56  Roach x5  
  87  7:00  Roach  
  87  7:01  Roach x2  
  103  7:04  Zergling x2  
  97  7:12  Roach  
  97  7:16  Ravager x3  
  97  7:19  Roach  
  97  7:21  Roach x2  
  97  7:22  Roach  
  105  7:24  Zergling x2  
Show
View Real Time Build Order
Export as new Build Order

MorN Terran - Winner!

Build Orders: Command Center First (CC), MMM Bio 

Get SALT Encoding   

  12  0:00  SCV  
  13  0:13  SCV  
  14  0:17  Supply Depot  
  14  0:25  SCV  
  15  0:39  SCV  
  16  0:56  Command Center  
  16  1:01  SCV  
  17  1:11  Barracks  
  17  1:15  SCV  
  18  1:28  SCV  
  18  1:29  Refinery  
  19  1:40  SCV  
  20  1:52  SCV  
  21  1:58  Marine  
  22  2:06  Orbital Command  
  22  2:08  Orbital Command  
  22  2:16  Marine  
  23  2:32  SCV  
  23  2:33  SCV  
  23  2:35  Barracks Reactor  
  25  2:43  Supply Depot  
  25  2:45  SCV  
  25  2:47  Barracks  
  25  2:49  Barracks  
  25  2:50  SCV  
  27  2:57  SCV  
  27  2:58  Factory  
  28  3:00  Refinery  
  28  3:02  SCV  
  29  3:09  SCV  
  29  3:12  Bunker, Marine x2  
  31  3:14  SCV  
  33  3:21  SCV  
  33  3:26  SCV  
  35  3:33  SCV  
  36  3:34  Supply Depot  
  36  3:36  Marine x2  
  36  3:38  Barracks Reactor, Barracks Tech Lab  
  36  3:41  SCV  
  39  3:45  SCV  
  40  3:51  Starport  
  40  3:53  SCV  
  41  3:57  SCV  
  41  4:01  Marine  
  43  4:05  SCV, Hellion x2  
  43  4:08  Barracks Tech Lab  
  43  4:09  SCV  
  49  4:12  Refinery  
  49  4:14  Engineering Bay  
  49  4:15  Stimpack  
  49  4:16  Marine x2  
  51  4:17  SCV  
  51  4:21  SCV  
  53  4:27  Supply Depot  
  53  4:28  Supply Depot  
  53  4:29  SCV  
  54  4:33  Combat Shields  
  54  4:34  Starport Reactor  
  54  4:39  Supply Depot  
  54  4:48  Marine x4  
  54  4:49  SCV x2  
  54  4:51  Hellion x2  
  64  4:58  Terran Infantry Weapons Level 1, Missile Turret  
  64  5:01  SCV x2  
  64  5:06  Supply Depot, Marine x2  
  68  5:07  Marine  
  68  5:12  Medivac  
  68  5:13  SCV x2, Medivac  
  75  5:18  Supply Depot  
  76  5:23  Marauder  
  76  5:24  Marine  
  76  5:28  SCV x2, Supply Depot, Marauder  
  82  5:38  Armory  
  82  5:40  Marine  
  82  5:41  Supply Depot  
  82  5:42  Marine  
  86  5:44  Marauder  
  86  5:47  Medivac  
  88  5:59  Marine  
  88  6:00  Marine x2  
  91  6:07  Marauder  
  91  6:10  Hellion x2  
  97  6:18  Marauder  
  99  6:19  Medivac x2  
  103  6:31  Command Center  
  103  6:32  Hellion x2  
  103  6:50  Marine x2  
  103  6:51  Marauder  
  103  6:52  Marine  
  103  6:53  Hellion x2  
  109  7:08  Marine  
  110  7:15  Supply Depot x2  
  110  7:17  Engineering Bay  
  110  7:20  Refinery  
  110  7:21  Supply Depot  
  110  7:28  Marine x2  
Tags
 
Add a new tag
Caveats
  • Supply blocks, unpowered buildings, or Contaminate may cause inaccurate times.
  • Supply counts are checked every 10 seconds.